 Dungeon Crawl Stone Soup version 0.19.0-2-gae57169 (webtiles) character file.

123 Leibowitz the Shield-Bearer (level 4, -1/38 HPs)
             Began as a Demigod Fighter on Nov 5, 2016.
             Slain by Crazy Yiuf
             ... wielding a +2 quarterstaff of chaos
              (6 damage)
             ... on level 2 of the Dungeon.
             The game lasted 00:04:41 (2061 turns).

Leibowitz the Shield-Bearer (Demigod Fighter)       Turns: 2061, Time: 00:04:43

Health: -1/38      AC:  6    Str: 19    XL:     4   Next: 52%
Magic:  6/6        EV:  7    Int: 12    God:
Gold:   93         SH:  9    Dex: 17    Spells: 0 memorised, 3 levels left

rFire  . . .     SeeInvis .     a - +0 trident
rCold  . . .     Gourm    .     b - +0 scale mail
rNeg   . . .     Faith    .     c - +0 shield
rPois  .         Spirit   .     (no helmet)
rElec  .         Reflect  .     (no cloak)
rCorr  .         Harm     .     (no gloves)
MR     .....                    (no boots)
Stlth  ..........               (no amulet)
                                (no ring)
                                (no ring)

@: lethally poisoned (-1 -> -8)
A: high mp 1
a: no special abilities


You were on level 2 of the Dungeon.
You were not hungry.

You visited 1 branch of the dungeon, and saw 2 of its levels.

You collected 93 gold pieces.

Inventory:

Hand Weapons
 a - a +0 trident (weapon)
Armour
 b - a +0 scale mail (worn)
 c - a +0 shield (worn)
Scrolls
 g - a scroll of identify {unknown}
 i - a scroll of magic mapping {unknown}
 k - a scroll of teleportation {unknown}
Potions
 d - a potion of might
 e - 3 potions of curing {unknown}
 j - a potion of degeneration {unknown}
Comestibles
 f - 4 bread rations


   Skills:
 + Level 3.1 Fighting
 + Level 3.1 Polearms
 + Level 3.1 Armour
 + Level 0.6 Dodging
 + Level 3.4 Shields


You had 3 spell levels left.
You didn't know any spells.

Dungeon Overview and Level Annotations

Branches:
Dungeon (2/15)

Annotations:
D:2 Crazy Yiuf


Innate Abilities, Weirdness & Mutations

You have an increased reservoir of magic. (+10% MP)


Message History

You block Crazy Yiuf's attack.
You hit Crazy Yiuf.
Crazy Yiuf is lightly wounded.
Crazy Yiuf hits you with a quarterstaff of chaos.
You are poisoned.
You hit Crazy Yiuf but do no damage.
Crazy Yiuf is lightly wounded.
You feel sick.
Crazy Yiuf hits you with a quarterstaff of chaos!
You puncture Crazy Yiuf!
Crazy Yiuf is heavily wounded.
You feel sick. You block Crazy Yiuf's attack.
You hit Crazy Yiuf but do no damage.
Crazy Yiuf is heavily wounded.
Crazy Yiuf hits you with a quarterstaff of chaos!
* * * LOW HITPOINT WARNING * * *
Crazy Yiuf burns you.
* * * LOW HITPOINT WARNING * * *
Crazy Yiuf hits you with a quarterstaff of chaos.
You die...

#.#####).##
##.# #....#
#..# #....#
##### #..#
##...# ....#
#.># ##.##
.##.#####..#
##.#
.##.#......#
#.##
############
.##........#
##.#
#...........
†####.###..#
#@##
#......#####
..........##
#g#
######......
..........# ...
#######
..........#
#...#
..........##
#)..#
...........#
#####
...........#
#..........#
###############
#..........#
#..............


You could see Crazy Yiuf.

Vanquished Creatures
  Terence (D:2)
  Robin (D:2)
  3 adders (D:2)
  An ooze (D:2)
  A worm (D:2)
  3 dart slugs
  3 leopard geckos
  A ball python (D:2)
  4 hobgoblins
  4 jackals
  4 kobolds
  2 bats
  A frilled lizard (D:2)
  11 goblins
  8 rats
48 creatures vanquished.

Notes
Turn   | Place    | Note
-------+----------+-------------------------------------------
     0 | D:1      | Leibowitz the Demigod Fighter began the quest for the Orb.
     0 | D:1      | Reached XP level 1. HP: 18/18 MP: 3/3
   440 | D:1      | Reached XP level 2. HP: 25/25 MP: 4/4
   798 | D:2      | Reached XP level 3. HP: 27/31 MP: 5/5
   815 | D:2      | Found a hazy altar of Hepliaklqana.
   840 | D:2      | Noticed Terence
  1087 | D:2      | Noticed Robin
  1101 | D:2      | Killed Robin
  1411 | D:2      | Reached XP level 4. HP: 38/38 MP: 6/6
  1426 | D:2      | Found a faded altar of an unknown god.
  1548 | D:2      | Killed Terence
  1624 | D:2      | Found a runed door.
  2052 | D:2      | Noticed Crazy Yiuf
  2061 | D:2      | Slain by Crazy Yiuf

Skill      XL: |  1  2  3  4 |
---------------+-------------+-----
Polearms       | 2 3 |  3.1
Shields        | 3 |  3.4
Fighting       | 3 |  3.1
Armour         | 3 |  3.1
Dodging        | |  0.6

Action                   |  1- 3 |  4- 6 || total
-------------------------+-------+-------++-------
Melee: Trident           |   133 |    56 ||   189
  Use: Potion            |     1 |       ||     1
  Eat: Chunk             |     2 |     2 ||     4
Armor: Scale mail        |    55 |    20 ||    75
Dodge: Dodged            |    34 |    12 ||    46
Block: Shield            |    68 |    32 ||   100
